 Dungeon Crawl Stone Soup version 0.31.0-11-ge490571c62 (webtiles) character file.

Game seed: 1257650461764283745

9992 Ijustatesigmund the Fighter (level 11, -1/73 HPs)
             Began as a Gargoyle Fighter on Feb 7, 2024.
             Was an Elder of Vehumet.
             Slain by a killer bee (6 damage)
             ... on level 9 of the Dungeon.
             The game lasted 00:32:29 (13883 turns).

Ijustatesigmund the Fighter (Gargoyle Fighter)     Turns: 13883, Time: 00:32:30

Health: -1/73      AC:  0    Str: 21    XL:     11   Next: 55%
Magic:  20/20      EV: 14    Int: 12    God:    Vehumet [****..]
Gold:   792        SH:  0    Dex:  9    Spells: 18/22 levels left

rFire   . . .        a - melded +1 flail (protect)
rCold   . . .        c - melded +0 buckler
rNeg    + . .        b - melded +0 steam dragon scales
rPois   ∞            (helmet currently unavailable)
rElec   .            l - melded +1 cloak
rCorr   .            d - melded +1 pair of gloves
SInv    .            (boots currently unavailable)
Will    .....        (no amulet)
Stlth   +            r - melded +4 ring of protection
HPRegen 0.32/turn    e - melded ring of resist corrosion
MPRegen 0.17/turn

%: no passive effects
@: pig-form, studying Stealth, very quick
A: fast, no casting, sickness immunity, AC +8, small, negative energy resistance
1, (electricity resistance), torment resistance 1, petrification resistance
a: Renounce Religion


You were on level 9 of the Dungeon.
You worshipped Vehumet.
Vehumet was greatly pleased with you.
You were a filthy swine.
You visited 2 branches of the dungeon, and saw 11 of its levels.
You also visited: Sewer and Bailey.

You collected 850 gold pieces.
You spent 58 gold pieces at shops.

Inventory:

Hand Weapons
 a - a +1 flail of protection (melded)
 f - a +0 flail of freezing
Missiles
 n - 7 throwing nets (quivered)
Armour
 b - +0 steam dragon scales (melded)
 c - a +0 buckler (melded)
 d - a +1 pair of gloves (melded)
 l - a +1 cloak (melded)
Jewellery
 e - a ring of resist corrosion (melded)
 r - a +4 ring of protection (melded)
 D - a ring of fire
Wands
 u - a wand of flame (11)
Scrolls
 h - 3 scrolls of enchant armour
 i - 4 scrolls of identify
 k - a scroll of silence
 m - 4 scrolls of fog
 q - a scroll of vulnerability
 s - 3 scrolls of immolation
Potions
 g - 4 potions of enlightenment
 j - a potion of attraction
 o - 2 potions of resistance
 x - 2 potions of brilliance
 C - a potion of mutation


   Skills:
 + Level 10.4 Fighting
 + Level 10.2 Maces & Flails
 - Level 3.2 Armour
 - Level 3.0 Dodging
 - Level 3.2 Shields
 + Level 6.3 Spellcasting
 + Level 7.8 Conjurations
 + Level 4.9 Earth Magic
 + Level 1.7 Evocations


You had 18 spell levels left.
You knew the following spells:

 Your Spells              Type           Power      Damage    Failure   Level
a - Magic Dart            Conj           88%        1d7       1%          1
b - Stone Arrow           Conj/Erth      38%        3d9       1%          3

Your spell library contained the following spells:

 Spells                   Type           Power      Damage    Failure   Level
 Arcjolt                  Conj/Air       6%         1d16      24%         5
 Kiss of Death            Conj/Necr      52%        2d9       1%          1
 Passwall                 Erth           15%        N/A       7%          3
 Frozen Ramparts          Ice            6%         1d1       13%         3
 Inner Flame              Hex/Fire       3%         N/A       13%         3
 Fireball                 Conj/Fire      6%         3d5       24%         5
 Irradiate                Conj/Alch      6%         3d13      24%         5
 Blink                    Tloc           6%         N/A       26%         2
 Call Imp                 Summ           6%         N/A       26%         2
 Ensorcelled Hibernation  Hex/Ice        6%         N/A       26%         2
 Confusing Touch          Hex            3%         N/A       45%         3
 Swiftness                Air            3%         N/A       45%         3
 Leda's Liquefaction      Alch/Erth      4%         N/A       54%         4
 Petrify                  Alch/Erth      9%         N/A       54%         4
 Cause Fear               Hex            1%         N/A       86%         4
 Dispel Undead            Necr           3%         3d7       86%         4
 Metabolic Englaciation   Hex/Ice        1%         N/A       99%         5
 Ignition                 Fire           1%         3d3       100%        8
 Dragon's Call            Summ           1%         N/A       100%        9


Dungeon Overview and Level Annotations

Branches:
Dungeon (10/15)            Temple (1/1) D:5            Lair (0/5) D:10
    Orc (0/2) D:9           Sewer (visited)          Bailey (visited)

Altars:
Ashenzari
Cheibriados
Dithmenos
Elyvilon
Fedhas
Gozag
Hepliaklqana
Kikubaaqudgha
Makhleb
Nemelex Xobeh
Okawaru
Qazlal
Ru
Sif Muna
Trog
Uskayaw
Vehumet
Wu Jian
Xom
Yredelemnul
Zin
The Shining One
Lugonu

Shops:
D:2 [*[

Annotations:
D:5 1 runed translucent door, kalagan's ghost, novice DECj
D:8 3 runed translucent doors, ongoing's ghost, novice TrFi


Innate Abilities, Weirdness & Mutations

You are a filthy swine.
You move quickly.
Your equipment is almost entirely melded.
You are incapable of wielding weapons or throwing items.
You cannot cast spells.
You are immune to sickness and miasma.
((Your stone body is resilient. (AC +8)))
You are immune to poison.
You resist negative energy. (rN+)
((You are resistant to electric shocks. (rElec)))
You are resistant to unholy torment.
You are immune to petrification.


Message History

The curare-tipped dart hits you. You resist.
The kobold brigand zaps a wand.
You easily resist.
You closely miss the kobold brigand.
The kobold brigand is lightly wounded.
You block the killer bee's attack.
The killer bee stings you but does no damage.
You thump the kobold brigand!
The kobold brigand is moderately wounded.
The killer bee stings you but does no damage.
The kobold brigand zaps a wand.
You turn into a filthy swine.
Your +1 flail of protection melds into your body.
Your +1 cloak melds into your body.
Your +1 pair of gloves melds into your body.
Your +0 buckler melds into your body.
Your +0 steam dragon scales melds into your body.
Your +4 ring of protection melds into your body.
Your ring of resist corrosion melds into your body.
Your +1 flail of protection goes still.
The kobold hits you with a +0 short sword.
The killer bee barely misses you.
You feel better. The killer bee closely misses you.
The kobold brigand hits you with a +0 mace!
The kobold hits you with a +0 short sword.
The killer bee misses you.
You hit the kobold brigand.
The kobold brigand is moderately wounded.
The killer bee misses you.
The kobold brigand completely misses you.
The kobold hits you with a +0 short sword.
You barely miss the kobold brigand.
The kobold brigand is moderately wounded.
The killer bee stings you.
* * * LOW HITPOINT WARNING * * *
The kobold brigand hits you with a +0 mace.
* * * LOW HITPOINT WARNING * * *
The killer bee stings you!
* * * LOW HITPOINT WARNING * * *
As you read the scroll of fog, it dissolves into smoke.
The killer bee stings you.
You die...

######### #hKKK.....
#KyKK......
#{KK..............
#{o...............
#.................
#.................
#.................
#..............!..
####.................


You could see 2 kobold brigands, a killer bee and 4 kobolds.

Vanquished Creatures
  A two-headed ogre (D:10)
  Pikel (D:5)
  Maggie (D:7)
  Psyche (D:8)
  2 kobold demonologists (D:10)
  A troll (D:7)
  Prince Ribbit (D:8)
  Sigmund (D:3)
  5 yaks
  2 wyverns
  3 steam dragons
  A warg (D:9)
  A vampire mosquito (D:9)
  An acid dragon (D:7)
  A water moccasin (D:7)
  2 orc warriors
  2 sky beasts (D:7)
  2 ice beasts
  3 black bears
  2 ogres
  5 wolves (Bailey)
  4 centaurs
  A lemure (D:5)
  5 kobold brigands
  A bullfrog (D:7)
  8 gnoll sergeants
  4 scorpions
  4 wights
  15 killer bees
  4 howler monkeys
  A bombardier beetle (D:3)
  8 hounds
  3 jellies
  5 orc priests
  Crazy Yiuf (D:3)
  6 gnoll boudas
  An iguana (D:5)
  A sleepcap (D:6)
  6 orc wizards
  38 gnolls
  6 adders
  2 river rats (Sewer)
  2 shadow imps (D:7)
  4 ufetubi
  3 dart slugs
  7 ribbon worms
  44 orcs
  13 endoplasms
  6 giant cockroaches
  9 goblins
  9 hobgoblins
  19 jackals
  7 quokkas
  5 ball pythons
  6 bats (D:1)
  5 frilled lizards
  18 kobolds
  10 rats
330 creatures vanquished.

Vanquished Creatures (collateral kills)
  A gnoll sergeant (Bailey)
1 creature vanquished.

Vanquished Creatures (others)
  A gnoll (D:9)
  A kobold (D:9)
2 creatures vanquished.

Grand Total: 333 creatures vanquished

Notes
Turn   | Place    | Note
-------+----------+-------------------------------------------
     0 | D:1      | Ijustatesigmund the Gargoyle Fighter began the quest for
                  | the Orb.
     0 | D:1      | Reached XP level 1. HP: 14/14 MP: 1/1
   133 | D:1      | Reached XP level 2. HP: 19/19 MP: 2/2
   338 | D:1      | Reached XP level 3. HP: 14/24 MP: 3/3
   969 | D:2      | Found Sasoege's General Store.
   970 | D:2      | Found Avuenwat's Armour Boutique.
   981 | D:2      | Bought a +0 cloak for 58 gold pieces
  1163 | D:2      | Reached XP level 4. HP: 29/29 MP: 4/4
  1299 | D:2      | Found Keaheqil's Antique Armour Shop.
  1583 | D:3      | Found a runed translucent door.
  1584 | D:3      | Noticed Crazy Yiuf
  1720 | D:3      | Noticed an ogre
  1725 | D:3      | Killed an ogre
  1726 | D:3      | Reached skill level 5 in Maces & Flails
  1726 | D:3      | Reached XP level 5. HP: 33/33 MP: 5/5
  1738 | D:3      | Reached XP level 6. HP: 18/38 MP: 6/6
  2051 | D:3      | Found a faded altar of an unknown god.
  2059 | D:3      | Noticed Sigmund
  2080 | D:3      | Killed Sigmund
  2491 | D:4      | Reached XP level 7. HP: 39/42 MP: 7/7
  2545 | D:4      | Found a glowing drain.
  2550 | Sewer    | Entered a sewer
  2735 | Sewer    | Found a white marble altar of Elyvilon.
  3141 | D:4      | Found an iron altar of Okawaru.
  3471 | D:5      | Entered Level 5 of the Dungeon
  3691 | D:5      | Found a staircase to the Ecumenical Temple.
  3748 | Temple   | Entered the Ecumenical Temple
  3765 | Temple   | Became a worshipper of Vehumet
  3800 | D:5      | Reached XP level 8. HP: 38/48 MP: 8/8
  4003 | D:5      | Reached skill level 5 in Fighting
  4345 | D:5      | Found a runed translucent door.
  4521 | D:5      | Reached * piety under Vehumet
  4521 | D:5      | Offered knowledge of Shock by Vehumet.
  5266 | D:5      | Noticed kalagan's ghost (novice DECj)
  5266 | D:5      | Noticed a komodo dragon
  5387 | D:3      | Killed Crazy Yiuf
  5388 | D:3      | Reached XP level 9. HP: 45/56 MP: 9/9
  5545 | D:6      | Found a hazy altar of Hepliaklqana.
  5639 | D:6      | Reached ** piety under Vehumet
  5639 | D:6      | Offered knowledge of Magic Dart by Vehumet.
  5642 | D:6      | Learned a level 1 spell: Magic Dart
  5719 | D:6      | Reached skill level 1 in Spellcasting
  5719 | D:6      | Reached skill level 1 in Conjurations
  5909 | D:6      | Noticed Pikel
  5990 | D:5      | Killed Pikel
  6287 | D:7      | Noticed Maggie
  6306 | D:7      | Killed Maggie
  6680 | D:7      | Reached skill level 5 in Conjurations
  6978 | D:7      | Identified the +6 dagger of Impatience {flame, *Corrode
                  | rElec Will+++ Dex+3}
  7100 | D:7      | Reached XP level 10. HP: 32/64 MP: 16/16
  7463 | D:7      | Offered knowledge of Stone Arrow by Vehumet.
  7472 | D:7      | Learned a level 3 spell: Stone Arrow
  7499 | D:7      | Reached skill level 5 in Spellcasting
  7499 | D:7      | Reached skill level 1 in Earth Magic
  7546 | D:7      | Reached *** piety under Vehumet
  8523 | D:8      | Found a runed translucent gate.
  8524 | D:8      | Found a runed translucent gate.
  8524 | D:8      | Found a runed translucent gate.
  8525 | D:8      | Found an opulent altar of Gozag.
  8526 | D:8      | Noticed ongoing's ghost (novice TrFi)
  8526 | D:8      | Noticed a cyclops
  8526 | D:8      | Noticed a centaur warrior
  8579 | D:8      | Offered knowledge of Olgreb's Toxic Radiance by Vehumet.
  8654 | D:8      | Noticed Psyche
  8674 | D:8      | Killed Psyche
  8967 | D:8      | Noticed Prince Ribbit
  8988 | D:8      | Killed Prince Ribbit
  9253 | D:8      | Found a blossoming altar of Fedhas.
  9312 | D:8      | Reached skill level 1 in Dodging
  9662 | D:9      | Found a staircase to the Orcish Mines.
 10272 | D:8      | Reached XP level 11. HP: 36/71 MP: 5/20
 10889 | D:10     | Entered Level 10 of the Dungeon
 10910 | D:10     | Reached skill level 10 in Fighting
 10928 | D:10     | Noticed a two-headed ogre
 10930 | D:10     | Found a flagged portal.
 10937 | Bailey   | Entered a bailey
 10958 | Bailey   | Reached **** piety under Vehumet
 12317 | Bailey   | Identified the +3 quarterstaff "Nikh" {vamp, *Noise Fly
                  | Dex+2}
 12343 | Bailey   | Offered knowledge of Arcjolt by Vehumet.
 12344 | Bailey   | Reached skill level 10 in Maces & Flails
 12737 | Bailey   | HP: 3/72 [gnoll sergeant/+0 glaive (6)]
 13210 | D:10     | Found an ancient bone altar of Kikubaaqudgha.
 13210 | D:10     | Found a hide-covered altar of Uskayaw.
 13210 | D:10     | Found a sacrificial altar of Ru.
 13308 | D:10     | Found an opulent altar of Gozag.
 13309 | D:10     | Found a shimmering altar of Xom.
 13312 | D:10     | Found a broken altar of Ashenzari.
 13312 | D:10     | Found an ornate altar of the Wu Jian Council.
 13323 | D:10     | Found a white marble altar of Elyvilon.
 13326 | D:10     | Found a bloodstained altar of Trog.
 13327 | D:10     | Found a shimmering blue altar of Sif Muna.
 13343 | D:10     | Noticed a sixfirhy
 13368 | D:10     | Reached skill level 1 in Evocations
 13369 | D:10     | Noticed a sun demon
 13677 | D:10     | Killed a two-headed ogre
 13883 | D:9      | Slain by a killer bee

Illustrated notes

Levels and vault maps discovered:
D:1:      erik_arrival_triangle_small, layout_loops_ring
D:2:      layout_rooms, serial_shops, shop, nicolae_shop_crystal,
          nicolae_shop_back_alley_shop
D:3:      layout_rooms, hellmonk_ecumenical_altar_blasted, uniq_sigmund,
          uniq_crazy_yiuf_cottage
D:4:      layout_loops_ring, lemuel_tele_altar, gup_sewer_entry_bowl
D:5:      lemuel_castle_with_subvaults [lemuel_castle_interior_carwin_2],
          layout_cave_pods, minmay_temple_entry_tees, ebering_ghost_inner_flame,
          minmay_misc_feat_doors
D:6:      layout_cave_pools, amcnicky_altar_gilded, uniq_pikel
D:7:      layout_basic, minmay_alternating_orb, uniq_maggie
D:8:      layout_rooms, mainiacjoe_overflow_alcove_4, ebering_ghost_gozag,
          uniq_prince_ribbit1, uniq_psyche
D:9:      layout_long_grid, david_orc_3
D:10:     layout_long_grid, nicolae_overflow_hallway_of_the_gods,
          erik_lair_dragon, enter_bailey_4, chequers_serial_rivers_small_a,
          kennysheep_generic_room_6
Temple:   kb_corrupted_temple

Skill      XL: |  1  2  3  4  5  6  7  8  9 10 11 |
---------------+----------------------------------+-----
Maces & Flails | 3 5 7 8 9 10 | 10.2
Fighting       | 4 6 7 9 10 | 10.4
Spellcasting   | 4 6 |  6.3
Conjurations   | 5 6 7 |  7.8
Earth Magic    | 4 |  4.9
Dodging        | 2 3 |  3.0
Evocations     | 1 |  1.7
Armour         | |  3.2
Shields        | |  3.2

Action                     |  1- 3 |  4- 6 |  7- 9 | 10-12 || total
---------------------------+-------+-------+-------+-------++-------
  Melee: Flail             |   142 |   125 |   681 |   621 ||  1569
         Unarmed           |       |       |       |     2 ||     2
  Throw: Throwing net      |       |       |       |     2 ||     2
   Cast: Magic Dart        |       |       |    24 |    41 ||    65
         Stone Arrow       |       |       |       |    71 ||    71
  Evoke: Wand              |       |       |       |     2 ||     2
    Use: Scroll            |     2 |     2 |    16 |    10 ||    30
         Potion            |       |     5 |     2 |     8 ||    15
 Armour: Scale mail        |    88 |   141 |   539 |       ||   768
         Steam dragon scal |       |       |    73 |   778 ||   851
         Skin              |       |       |       |     8 ||     8
  Dodge: Dodged            |    88 |    52 |   332 |   585 ||  1057
  Block: Buckler           |    37 |    22 |   122 |   214 ||   395
